 Dungeon Crawl Stone Soup version 0.30-a0-859-gf88a04b62d (webtiles) character file.

Game seed: 12229675489007182126

53383 arthad the Summoner (level 14, -1/65 HPs)
             Began as a Felid Summoner on Mar 6, 2023.
             Was an Initiate of Gozag.
             Killed by the raging water
             ... invoked by a water nymph
              (12 damage)
             ... on level 3 of the Shoals on Mar 7, 2023.
             The game lasted 03:03:04 (29962 turns).

arthad the Summoner (Felid Summoner)               Turns: 29962, Time: 03:03:04

Health: -1/65      AC: 15    Str:  3 (4)  XL:     14   Next: 30%
Magic:  11/31      EV: 40    Int: 23      God:    Gozag
Gold:   1416       SH:  0    Dex: 23 (24) Spells: 0/37 levels left
                                        Lives:  0   Deaths: 4

rFire   . . .      SeeInvis +      - Unarmed
rCold   . . .      Faith    .    (shield unavailable)
rNeg    . . .      Spirit   .    (body armour unavailable)
rPois   ∞          Reflect  .    (helmet unavailable)
rElec   +          Rampage  .    (cloak unavailable)
rCorr   .                        (gloves unavailable)
Will    ++...                    (boots unavailable)
Stlth   +++                      O - amulet of magic regeneration
HPRegen 0.30/turn                C - +5 ring of evasion
MPRegen 0.62/turn                X - ring "Qatuen" {Wiz Dex+6}

@: storm-form, forested, blinkbolt cooldown, flying, very slightly contaminated
A: cleaving, insubstantial, flying, very small, (claws 1), (fangs 3), see
invisible, (speed 1), (shaggy fur 3), (stealthy paws), no weapons or thrown
items, no armour, multi-lived, (horns 2), (iridescent scales 1), evolution 1,
MP-powered wands
a: Blinkbolt, End Transformation, Renounce Religion, Potion Petition, Call
Merchant, Bribe Branch


You were on level 3 of the Shoals.
You worshipped Gozag.
Gozag was most pleased with you.
You were a lightning-filled tempest!
You visited 5 branches of the dungeon, and saw 26 of its levels.
You also visited: Bailey.

You collected 9288 gold pieces.
You spent 1950 gold pieces at shops.
You paid 5922 gold pieces to Gozag.

Inventory:

Jewellery
 b - a ring of protection from cold
 z - a ring of protection from fire
 C - a +5 ring of evasion (left paw)
 L - a ring of protection from fire
 M - a ring of willpower
 O - an amulet of magic regeneration (around neck)
 R - an amulet of regeneration
 W - a +5 ring of evasion
 X - the ring "Qatuen" (right paw) {Wiz Dex+6}
   (You bought it in a shop on level 5 of the Lair of Beasts)

   [ring of wizardry]

   It improves your spell success rate.
   Dex:       It affects your dexterity (+6).
Wands
 q - a wand of flame (7)
 r - a wand of digging (12)
 u - a wand of roots (16)
 D - a wand of mindburst (16)
 K - a wand of polymorph (6)
 P - a wand of charming (6)
 Q - a wand of quicksilver (7)
Scrolls
 e - 5 scrolls of fear
 g - a scroll of torment
 h - 6 scrolls of poison
 i - 7 scrolls of immolation
 n - 11 scrolls of teleportation
 o - a scroll of brand weapon
 t - 5 scrolls of blinking
 A - 3 scrolls of enchant armour
 B - 6 scrolls of magic mapping
 E - 4 scrolls of enchant weapon
 F - a scroll of summoning
 G - 3 scrolls of vulnerability
 I - a scroll of silence
 J - 5 scrolls of fog
 S - 4 scrolls of noise
 U - 2 scrolls of amnesia
 Y - 4 scrolls of identify
Potions
 a - 2 potions of magic
 c - 4 potions of lignification
 d - 3 potions of mutation
 f - 2 potions of resistance
 j - 9 potions of invisibility
 k - 4 potions of degeneration
 l - 4 potions of curing
 m - 2 potions of attraction
 p - 3 potions of cancellation
 s - 4 potions of flight
 v - a potion of ambrosia
 w - 4 potions of might
 x - a potion of haste
 H - 3 potions of brilliance
Miscellaneous
 y - a phantom mirror (inert)
 T - a box of beasts
 Z - a box of beasts


   Skills:
 + Level 9.8 Fighting
 + Level 12.9 Dodging
 - Level 2.6 Stealth
 + Level 10.0 Unarmed Combat
 + Level 12.0 Spellcasting
 + Level 8.0 Hexes
 * Level 14.7 Summonings
 * Level 11.3 Translocations
 * Level 8.8 Transmutations
 * Level 11.8 Air Magic
 - Level 5.0 Evocations


You couldn't memorise any spells.
You knew the following spells:

 Your Spells              Type           Power      Damage    Failure   Level
a - Summon Guardian Gole  Hex/Summ       60%        N/A       1%          3
b - Manifold Assault      Tloc           60%        N/A       1%          4
c - Call Canine Familiar  Summ           69%        N/A       1%          3
d - Summon Lightning Spi  Summ/Air       66%        N/A       1%          4
e - Tukima's Dance        Hex            50%        N/A       1%          3
f - Summon Forest         Summ/Tloc      32%        N/A       1%          5
g - Summon Hydra          Summ           34%        N/A       3%          7
h - Storm Form            Tmut/Air       28%        N/A       22%         7
i - Wereblood             Tmut           53%        N/A       1%          2

Your spell library contained the following spells:

 Spells                   Type           Power      Damage    Failure   Level
 Summon Small Mammal      Summ           100%       N/A       0%          1
 Call Imp                 Summ           69%        N/A       0%          2
 Apportation              Tloc           100%       N/A       1%          1
 Beastly Appendage        Tmut           100%       N/A       1%          1
 Foxfire                  Conj/Fire      52%        2x1d6     1%          1
 Magic Dart               Conj           52%        1d5       1%          1
 Sandblast                Erth           26%        2d8       1%          1
 Shock                    Conj/Air       100%       1d9       1%          1
 Blink                    Tloc           100%       N/A       1%          2
 Cigotuvi's Dreadful Rot  Necr/Pois/Air  64%        N/A       1%          2
 Passwall                 Tmut/Erth      28%        N/A       1%          2
 Static Discharge         Conj/Air       82%        2-6/arc   1%          2
 Gell's Gravitas          Tloc           60%        N/A       1%          3
 Ignite Poison            Fire/Tmut/Pois 27%        N/A       1%          3
 Kindle Blastsparks       Fire/Tloc/Air  98%        2d18      1%          3
 Mephitic Cloud           Conj/Pois/Air  32%        N/A       1%          3
 Spider Form              Tmut/Pois      34%        N/A       1%          3
 Swiftness                Air            62%        N/A       1%          3
 Teleport Other           Tloc           60%        N/A       1%          3
 Vhi's Electric Charge    Tloc/Air       100%       N/A       1%          3
 Airstrike                Air            31%        2d(5-21)  1%          4
 Iskenderun's Mystic Bla  Conj/Tloc      39%        2d9       1%          4
 Blade Hands              Tmut           26%        N/A       1%          5
 Silence                  Hex/Air        28%        N/A       1%          5
 Searing Ray              Conj           26%        2d5       2%          2
 Sublimation of Blood     Necr           13%        N/A       2%          2
 Dispersal                Tloc           30%        N/A       2%          6
 Fulminant Prism          Conj/Hex       16%        3d10      3%          4
 Ice Form                 Ice/Tmut       34%        N/A       3%          4
 Leda's Liquefaction      Hex/Erth       16%        N/A       3%          4
 Arcjolt                  Conj/Air       20%        1d30      4%          5
 Lightning Bolt           Conj/Air       20%        1d35      4%          5
 Hailstorm                Conj/Ice       13%        3d5       6%          3
 Ozocubu's Armour         Ice            13%        N/A       6%          3
 Metabolic Englaciation   Hex/Ice        16%        N/A       10%         5
 Freezing Cloud           Conj/Ice/Air   16%        6-21      11%         5
 Statue Form              Tmut/Erth      22%        N/A       41%         6
 Fireball                 Conj/Fire      6%         3d5       43%         5
 Lee's Rapid Deconstruct  Erth           6%         3d6*      43%         5
 Spellforged Servitor     Conj/Summ      23%        N/A       56%         7
 Disjunction              Tloc           30%        N/A       71%         8
 Starburst                Conj/Fire      6%         6d4       93%         6
 Ozocubu's Refrigeration  Ice            6%         4d8       100%        7
 Portal Projectile        Hex/Tloc       Unusable   N/A       N/A         3
 Simulacrum               Ice/Necr       Unusable   N/A       N/A         6

Dungeon Overview and Level Annotations

Branches:
Dungeon (15/15)            Temple (1/1) D:7            Lair (5/5) D:8
 Shoals (3/4) Lair:3        Snake (0/4) Lair:3        Slime (0/5) Lair:5
    Orc (2/2) D:10            Elf (0/3) Orc:2        Vaults (0/5) D:14
 Depths (0/4) D:15         Bailey (visited)

Altars:
Ashenzari
Cheibriados
Dithmenos
Elyvilon
Fedhas
Gozag
Hepliaklqana
Kikubaaqudgha
Makhleb
Nemelex Xobeh
Okawaru
Qazlal
Ru
Sif Muna
Trog
Uskayaw
Vehumet
Wu Jian
Xom
Yredelemnul
Zin
The Shining One
Jiyva

Shops:
D:2 [   D:4 (   D:9 ?   D:10 [   D:12 *   Orc:2 (([(   Lair:1 ?:   Lair:3 =
Lair:5 =?

Portals:
Hell: Lair:5
Abyss: Shoals:1
Trove: D:11 (show abyssal rune of Zot)

Annotations:
D:12 1 runed translucent door, cforsyth's ghost, journeyman DEEE
Shoals:1 2 transporters, lunkers's ghost, journeyman MeFi


Innate Abilities, Weirdness & Mutations

You are a lightning-filled tempest!
Your electrical attacks strike out in all directions at once.
You are incredibly evasive.
Your insubstantial body is immune to petrification, constriction, and being set on fire You are flying.
You are immune to poison.
((You have sharp claws.))
((You have razor-sharp teeth.))
You have supernaturally acute eyesight. (SInv)
((You cover ground quickly. (Speed+)))
((Your thick and shaggy fur keeps you warm. (AC +3, rC+)))
((Your paws help you pounce on unaware monsters.))
You are incapable of wielding weapons or throwing items.
You cannot wear armour.
You gain extra lives every three experience levels.
((You have a pair of horns on your head.))
((You are partially covered in iridescent scales. (AC +2)))
You have hidden genetic potential.
You expend magic power (3 MP) to strengthen your wands.


Message History

You are caught in an explosion of electrical discharges!!
Casting: Storm Form (extremely dangerous; 22% risk of failure)
Confirm with . or Enter, or press ? or * to list all spells.
You turn into a lightning-filled tempest!
Aiming: Blinkbolt
Press: ? - help, Dir - move target, f - wind drake
Aim: a wind drake (repelling missiles, asleep, 100% to hit)
The shock of your passage hits the plant!
The plant begins to die.
The plant is lightly damaged.
The shock of your passage hits the wind drake!
The wind drake is moderately wounded.
The wind drake hisses angrily.
You blink. 4 water nymphs come into view.
Found a crystal falchion.
The water nymph shouts! x2
The water nymph points at you and mumbles some strange words.
The water rises up and strikes you.
The water nymph points at you and mumbles some strange words.
The water rises up and strikes you! The wind drake closely misses you.
Casting: Storm Form (extremely dangerous; 22% risk of failure)
Confirm with . or Enter, or press ? or * to list all spells.
An electric hum fills the air.
The wind drake exhales a fierce blast of wind!
You are knocked back by the gust of wind.
The water nymph casts a spell at you. The water rises up and strikes you!
Casting: Summon Lightning Spire (safe; 1% risk of failure)
Confirm with . or Enter, or press ? or * to list all spells.
A forested plane collides here with a resounding crunch!
Your dryad calls out to the forest.
The forest starts to sway and rumble!
The water nymph gestures at you while chanting.
The water rises up and strikes you!
* * * LOW HITPOINT WARNING * * *
The water nymph casts a spell at you. The water rises up and strikes you!
You die...
Your body crumbles into a pile of gold.

≈≈≈≈≈~~~~.....~~~~~~~~~
≈≈≈≈≈~~~.....~~~~~~~.~~
≈≈≈≈≈~~~....~~~......~~
≈≈≈≈≈~~....~~....#...~~
≈≈≈~~~~§...♣........~.~
≈≈≈~~~...............~)
≈≈≈~~~..PP...........~≈
≈≈≈~♣###R.8##♣#..###..~
≈≈≈~#~v..~~k~.#..# ###.
≈≈≈ #~~~~~~~~~#..# ..
≈≈ #~m~~~~~~~#~~ ...
~~~~~m~~~~~~ ...
≈~~~~~m~~~~~.~ ...
≈≈~~~~~~~~~~~~~~.
≈≈≈♣~~~~~~~~~#~~~.
≈≈≈≈♣~~~~m~)~~#....


You could see a wind drake (repels missiles, ally target), 4 water nymphs, a
friendly dryad (summoned) and a friendly lightning spire (summoned).

Vanquished Creatures
  A merfolk impaler (Shoals:3)
  2 ogre magi (Orc:2)
  A merfolk aquamancer (Shoals:2)
  A hydra (Lair:5)
  A centaur warrior (D:14)
  A boulder beetle (Lair:5)
  A tengu warrior (D:15)
  8 two-headed ogres (Orc:2)
  A death yak (Shoals:2)
  A deep troll (Orc:2)
  5 harpies
  An ugly thing (D:15)
  2 manticores
  A cyclops (Orc:2)
  A large abomination (D:12)
  2 elephants
  An unseen horror (D:11)
  2 komodo dragons
  5 merfolk
  3 trolls (Orc:2)
  A meliai (D:15)
  A wind drake (Shoals:2)
  3 blink frogs
  A slime creature (D:15)
  A wyvern (Lair:2)
  2 yaks
  A human (Bailey)
  A vampire mosquito (D:13)
  An acid dragon (D:14)
  A water moccasin (D:7)
  A sky beast (D:7)
  An orc warrior (D:15)
  4 ogres (Orc:2)
  2 nameless horrors
  6 bullfrogs
  2 scorpions (D:6)
  2 howler monkeys
  An electric eel (Lair:3)
  A lava snake (Lair:3)
  2 hounds
  A jelly (D:6)
  2 orc priests
  An iguana (D:6)
  An orc wizard (Orc:2)
  2 small abominations (D:12)
  An adder (D:5)
  A white imp (D:6)
  15 orcs
  An endoplasm (D:3)
  A giant cockroach (D:1)
  A hobgoblin (D:2)
  3 jackals (D:1)
  3 ball pythons
  2 goblins
111 creatures vanquished.

Vanquished Creatures (collateral kills)
  A kraken (Shoals:1)
  Polyphemus (Shoals:2)
  Roxanne (D:15)
  Donald (Shoals:2)
  The ghost of bmack86 the Severer, a journeyman MiFi of Okawaru (Lair:4)
  Nessos (Lair:4)
  A dire elephant (shapeshifter) (D:15)
  Azrael (D:15)
  2 merfolk javelineers
  2 rakshasas (D:15)
  7 hydras
  3 catoblepae
  4 vault guards
  A centaur warrior (D:15)
  An ogre mage (Orc:2)
  5 boulder beetles
  A merfolk avatar (Shoals:3)
  7 two-headed ogres
  2 death yaks (Shoals:2)
  A dancing weapon (Lair:4)
  An orc high priest (Orc:2)
  6 skysharks
  Sonja (Lair:2)
  A sun demon (Lair:5)
  Nergalle (D:10)
  Amaemon (D:8)
  A sea snake (Shoals:1)
  A glowing orange brain (D:15)
  A deep troll (Orc:2)
  A wizard (Lair:5)
  15 harpies
  3 orc sorcerers
  A deep elf pyromancer (D:14)
  4 cyclopes
  6 fauns
  11 elephants
  A cyclops (shapeshifter) (D:15)
  14 ugly things
  Maurice (D:11)
  A salamander (Lair:3)
  5 manticores
  3 torpor snails (Lair:4)
  Joseph (D:9)
  A smoke demon (Lair:5)
  A water nymph (Shoals:1)
  7 merfolk sirens
  9 cane toads
  A black mamba (Lair:5)
  2 gargoyles (D:12)
  6 orange demons
  An unseen horror (D:11)
  Maggie (D:6)
  An efreet (D:14)
  8 komodo dragons
  4 kobold demonologists
  7 rime drakes
  A tengu conjurer (D:15)
  5 meliai (D:15)
  A red devil (Lair:5)
  2 large abominations (D:12)
  4 merfolk (Shoals:1)
  3 polar bears
  7 trolls
  Grinder (D:6)
  Prince Ribbit (Bailey)
  6 blink frogs
  3 wind drakes
  A dream sheep (Lair:4)
  5 slime creatures
  5 snapping turtles
  Sigmund (D:2)
  2 water elementals
  A wraith (D:12)
  Eustachio (D:6)
  39 yaks
  3 wyverns
  7 basilisks
  A human (Bailey)
  3 fire elementals (D:15)
  A warg (Orc:2)
  12 vampire mosquitoes
  A water moccasin (shapeshifter) (D:15)
  An acid dragon (D:14)
  12 water moccasins
  7 hell hounds
  13 orc warriors
  A black bear (D:5)
  11 ogres
  A phantom (D:4)
  6 centaurs
  A kobold brigand (D:13)
  16 bullfrogs
  2 small abominations (D:12)
  2 scorpions (D:4)
  14 wights
  2 nameless horrors
  4 howler monkeys
  2 lava snakes (Lair:3)
  2 jellies
  4 hounds
  14 orc priests
  A sleepcap (D:6)
  Natasha (thrice) (D:3)
  4 iguanas
  7 hell rats (Lair:4)
  15 orc wizards
  4 gnolls
  5 adders
  A shadow imp (D:5)
  2 white imps (D:7)
  An ufetubus (D:5)
  A worm (D:5)
  A dart slug (D:1)
  69 orcs
  4 endoplasms
  2 giant cockroaches
  4 goblins
  5 hobgoblins
  A jackal (D:1)
  2 quokkas
  6 ball pythons
  9 bats
  4 frilled lizards
  10 kobolds
  2 rats
  2 tentacles (Shoals:1)
571 creatures vanquished.

Vanquished Creatures (others)
  Ilsuiw (Shoals:3)
  A merfolk impaler (Shoals:1)
  2 vault guards
  3 hydras
  A centaur warrior (D:13)
  A catoblepas (Lair:4)
  A boulder beetle (D:12)
  A tengu warrior (D:13)
  A skyshark (Lair:1)
  2 large abominations (D:12)
  A wizard (D:12)
  3 harpies (Shoals:1)
  A deep elf pyromancer (D:13)
  An ugly thing (D:15)
  A cyclops (D:14)
  A manticore (D:14)
  A faun (Shoals:1)
  3 elephants
  A gargoyle (D:11)
  A cane toad (Lair:2)
  2 rime drakes
  3 trolls (Orc:2)
  2 merfolk (Shoals:1)
  2 polar bears
  2 slime creatures (D:15)
  3 small abominations (D:12)
  A water elemental (Shoals:1)
  19 yaks
  A wraith (D:11)
  3 humans (Bailey)
  2 vampire mosquitoes (D:14)
  2 acid dragons
  6 dancing weapons
  2 orc warriors
  3 ogres (Orc:2)
  A centaur (D:12)
  A kobold brigand (D:13)
  3 bullfrogs
  3 wights
  Crazy Yiuf (D:2)
  A gnoll bouda (D:8)
  An iguana (D:5)
  An adder (D:5)
  An orc (D:8)
  27 fungi
  69 plants
  15 snaplasher vines
  5 tentacles (Shoals:1)
210 creatures vanquished.

Grand Total: 892 creatures vanquished

Notes
Turn   | Place    | Note
-------+----------+-------------------------------------------
     0 | D:1      | arthad the Felid Summoner began the quest for the Orb.
     0 | D:1      | Reached XP level 1. HP: 7/7 MP: 4/4
    94 | D:1      | Reached XP level 2. HP: 11/11 MP: 0/6
   203 | D:1      | Learned a level 2 spell: Call Imp
   848 | D:1      | Reached skill level 5 in Summonings
   927 | D:1      | Reached XP level 3. HP: 14/14 MP: 5/7
   931 | D:1      | Learned a level 3 spell: Call Canine Familiar
  1482 | D:2      | Gained mutation: You have a pair of small horns on your
                  | head. [potion of mutation]
  1482 | D:2      | Gained mutation: You have a pair of horns on your head.
                  | [potion of mutation]
  1492 | D:2      | Reached XP level 4. HP: 7/18 MP: 2/8
  1888 | D:2      | Found Ricehoin's Armour Shoppe.
  2013 | D:2      | Noticed Sigmund
  2028 | D:2      | Killed Sigmund
  2029 | D:2      | Reached skill level 1 in Fighting
  2029 | D:2      | Reached skill level 1 in Air Magic
  2029 | D:2      | Reached XP level 5. HP: 11/22 MP: 6/9
  2084 | D:2      | Reached skill level 6 in Summonings
  2162 | D:2      | Found a runed translucent door.
  2163 | D:2      | Noticed Crazy Yiuf
  2378 | D:2      | Found a faded altar of an unknown god.
  2479 | D:2      | Learned a level 3 spell: Summon Guardian Golem
  2489 | D:2      | Killed Crazy Yiuf
  2490 | D:2      | Reached skill level 1 in Unarmed Combat
  2585 | D:3      | Gained mutation: You are covered in thick fur. (AC +2)
                  | [Felid growth]
  2585 | D:3      | Reached XP level 6. HP: 25/25 MP: 7/10
  2742 | D:3      | Noticed Natasha
  2766 | D:3      | Killed Natasha
  2948 | D:3      | Noticed Natasha
  2952 | D:3      | Killed Natasha
  3023 | D:3      | Noticed Natasha
  3036 | D:3      | Killed Natasha
  3510 | D:4      | Found Akhlatia's Weapon Emporium.
  3774 | D:4      | Reached XP level 7. HP: 28/28 MP: 12/12
  3924 | D:4      | Found a radiant altar of Vehumet.
  4148 | D:4      | Found an ancient bone altar of Kikubaaqudgha.
  4151 | D:4      | Found an iron altar of Okawaru.
  4338 | D:5      | Entered Level 5 of the Dungeon
  4618 | D:5      | Learned a level 4 spell: Summon Lightning Spire
  4872 | D:5      | Reached XP level 8. HP: 33/33 MP: 9/14
  4923 | D:5      | Reached skill level 5 in Hexes
  5497 | D:6      | Reached skill level 7 in Summonings
  5533 | D:6      | Noticed Eustachio
  5579 | D:6      | Killed Eustachio
  6082 | D:6      | Noticed Grinder
  6177 | D:6      | Killed Grinder
  6406 | D:6      | Reached skill level 5 in Dodging
  6514 | D:6      | Identified the +4 shortbow "Orphack" {drain, rPois}
  6884 | D:6      | Noticed Maggie
  6898 | D:6      | Killed Maggie
  6899 | D:6      | Reached skill level 5 in Spellcasting
  6899 | D:6      | Reached XP level 9. HP: 38/38 MP: 3/17
  7489 | D:7      | Reached skill level 8 in Summonings
  7582 | D:7      | Reached skill level 5 in Air Magic
  7747 | D:7      | Found a sacrificial altar of Ru.
  7892 | D:7      | Found a staircase to the Ecumenical Temple.
  7984 | Temple   | Entered the Ecumenical Temple
  8094 | Temple   | Became a worshipper of Gozag Ym Sagoz the Greedy
  8141 | D:8      | Noticed Amaemon
  8141 | D:8      | Noticed an orange demon
  8155 | D:8      | Killed Amaemon
  8156 | D:8      | Reached XP level 10. HP: 24/43 MP: 6/20
  8158 | D:8      | Killed an orange demon
  8521 | D:8      | Found a flagged portal.
  8531 | Bailey   | Entered a bailey
  8690 | Bailey   | Reached skill level 9 in Summonings
  8815 | Bailey   | Noticed Prince Ribbit
  8823 | Bailey   | Noticed a vault guard
  8832 | Bailey   | Killed Prince Ribbit
  8833 | Bailey   | Reached skill level 5 in Fighting
  8836 | Bailey   | Killed a vault guard
  8837 | Bailey   | Reached skill level 5 in Unarmed Combat
  8898 | Bailey   | Noticed a vault guard
  8910 | Bailey   | Killed a vault guard
  9142 | D:8      | Learned a level 3 spell: Tukima's Dance
  9414 | D:8      | Reached XP level 11. HP: 48/48 MP: 9/22
  9513 | D:8      | Noticed a two-headed ogre
  9569 | D:8      | Killed a two-headed ogre
  9820 | D:8      | Found a staircase to the Lair.
  9889 | D:9      | Found Suef's Magic Scroll Boutique.
  9889 | D:9      | Noticed Joseph
  9896 | D:9      | Shot with a sling bullet by Joseph
  9897 | D:9      | Reached XP level 10. HP: -1/44 MP: 14/22
  9917 | D:9      | Killed Joseph
 10023 | D:9      | Bought a scroll of teleportation for 48 gold pieces
 10023 | D:9      | Bought a scroll of silence for 152 gold pieces
 10023 | D:9      | Bought a scroll of magic mapping for 120 gold pieces
 10023 | D:9      | Bought a scroll of fog for 64 gold pieces
 10023 | D:9      | Bought a scroll of fear for 64 gold pieces
 10041 | D:9      | Found a stormy altar of Qazlal.
 10041 | D:9      | Found a hazy altar of Hepliaklqana.
 10044 | D:9      | Found a broken altar of Ashenzari.
 10045 | D:9      | Found a shadowy altar of Dithmenos.
 10048 | D:9      | Found an ornate altar of the Wu Jian Council.
 10593 | D:9      | Reached skill level 10 in Summonings
 10881 | D:9      | Found a burning altar of Makhleb.
 10915 | D:10     | Entered Level 10 of the Dungeon
 11081 | D:10     | Noticed Nergalle
 11096 | D:10     | Killed Nergalle
 11100 | D:10     | Reached XP level 11. HP: 48/48 MP: 18/24
 11327 | D:10     | Found Deiges's Antique Armour Emporium.
 11344 | D:10     | Found a staircase to the Orcish Mines.
 11480 | D:10     | Noticed a two-headed ogre
 11489 | D:10     | Killed a two-headed ogre
 12503 | D:11     | Noticed Maurice
 12511 | D:11     | Killed Maurice
 12610 | D:11     | Found a portal to a secret trove of treasure.
 12637 | D:11     | Reached skill level 1 in Evocations
 12771 | D:12     | Found Rishroro's Retail Resort.
 12808 | D:12     | Noticed a brown ugly thing
 12817 | D:12     | Killed a brown ugly thing
 12980 | D:12     | Noticed a boulder beetle
 13121 | D:12     | Noticed a boulder beetle
 13128 | D:12     | Killed a boulder beetle
 13129 | D:12     | Reached skill level 11 in Summonings
 13137 | D:12     | Noticed a two-headed ogre
 13147 | D:12     | Killed a two-headed ogre
 13148 | D:12     | Killed a boulder beetle
 13149 | D:12     | Gained mutation: Your thick and shaggy fur keeps you warm.
                  | (AC +3, rC+) [Felid growth]
 13149 | D:12     | Reached XP level 12. HP: 28/53 MP: 11/25
 13535 | D:12     | Found a runed translucent door.
 13569 | D:12     | Noticed cforsyth's ghost (journeyman DEEE)
 13847 | D:12     | Got the Cyclopedia of Graupel and Austromancy
 13849 | D:12     | Identified the +5 mace of Spite {flame, rElec rPois Int+3
                  | Dex-4}
 13996 | D:13     | Noticed a six-headed hydra
 13996 | D:13     | Noticed a boulder beetle
 14041 | D:13     | Noticed a tengu warrior
 14049 | D:13     | Killed a tengu warrior
 14053 | D:13     | Noticed a centaur warrior
 14076 | D:12     | Killed a boulder beetle
 14179 | D:13     | Killed a six-headed hydra
 14352 | D:13     | Noticed a boulder beetle
 14369 | D:13     | Killed a boulder beetle
 14377 | D:13     | Killed a centaur warrior
 14710 | D:13     | Noticed a boulder beetle
 14741 | D:13     | Killed a boulder beetle
 14742 | D:13     | Reached skill level 5 in Evocations
 14811 | D:14     | Noticed a four-headed hydra
 14833 | D:14     | Killed a four-headed hydra
 14898 | D:14     | Reached XP level 13. HP: 57/57 MP: 22/27
 15060 | D:14     | Reached skill level 10 in Dodging
 15061 | D:14     | Upgraded the game from 0.30-a0-857-gcaf70739d4 to
                  | 0.30-a0-859-gf88a04b62d
 15253 | D:14     | Found a gate to the Vaults.
 15316 | D:14     | Reached skill level 12 in Summonings
 15572 | Lair:1   | Entered Level 1 of the Lair of Beasts
 15665 | Lair:1   | Reached skill level 10 in Spellcasting
 16217 | Lair:1   | Reached skill level 10 in Air Magic
 16291 | Lair:1   | Reached skill level 1 in Transmutations
 16569 | Lair:2   | Noticed Sonja
 16711 | Lair:2   | Killed Sonja
 16795 | Lair:2   | Got the Incunabulum of Patterns
 17580 | Lair:1   | Bought a book of Blood for 364 gold pieces
 17583 | Lair:1   | Bought a scroll of teleportation for 45 gold pieces
 17590 | Lair:1   | Learned a level 5 spell: Summon Forest
 17711 | Lair:3   | Found a staircase to the Shoals.
 17775 | Lair:3   | Reached skill level 1 in Translocations
 18216 | Lair:3   | Found a staircase to the Snake Pit.
 18963 | Lair:4   | Reached XP level 14. HP: 63/63 MP: 25/29
 19510 | Lair:4   | Found a runed translucent door.
 19511 | Lair:4   | Found a shimmering altar of Xom.
 19511 | Lair:4   | Noticed bmack86's ghost (journeyman MiFi)
 19765 | Lair:4   | Reached skill level 13 in Summonings
 20355 | Lair:4   | Noticed Nessos
 20369 | Lair:4   | Killed Nessos
 20677 | Lair:4   | Reached skill level 5 in Translocations
 20818 | Lair:4   | Identified a scroll of acquirement
 20828 | Lair:4   | Learned a level 7 spell: Summon Hydra
 20884 | Lair:4   | Killed bmack86's ghost
 20936 | Lair:4   | Acquired the Guidebook on Blows and the Zephyr
 20946 | Lair:4   | Learned a level 7 spell: Storm Form
 21124 | Lair:4   | Identified the +1 robe "Emof" {Will+ Str+4}
 21198 | Lair:5   | Entered Level 5 of the Lair of Beasts
 21249 | Lair:5   | Mangled by a black mamba
 21250 | Lair:5   | Reached XP level 13. HP: -8/59 MP: 22/29
 21844 | Lair:5   | Reached skill level 5 in Transmutations
 22285 | Lair:5   | Found a burning altar of Makhleb.
 22290 | Lair:5   | Reached XP level 14. HP: 63/63 MP: 30/30
 22490 | Lair:5   | Found a gateway to Hell.
 22653 | Lair:5   | Found a viscous altar of Jiyva.
 22653 | Lair:5   | Found a staircase to the Slime Pits.
 22824 | Lair:5   | Bought a scroll of amnesia for 68 gold pieces
 22824 | Lair:5   | Bought a scroll of blinking for 127 gold pieces
 22824 | Lair:5   | Bought a scroll of teleportation for 51 gold pieces
 22824 | Lair:5   | Bought a scroll of teleportation for 51 gold pieces
 22824 | Lair:5   | Bought a scroll of teleportation for 51 gold pieces
 22824 | Lair:5   | Bought a scroll of teleportation for 51 gold pieces
 23021 | Orc:1    | Entered Level 1 of the Orcish Mines
 23324 | Orc:2    | Entered Level 2 of the Orcish Mines
 23330 | Orc:2    | Found a staircase to the Elven Halls.
 23703 | Orc:2    | Found Adeas's Antique Weapon Shoppe.
 23781 | Orc:2    | Found Cenaust's Antique Weapon Shoppe.
 23782 | Orc:2    | Found Baquc's Armour Shop.
 24209 | Orc:2    | Found Xudgheikh's Weapon Emporium.
 24923 | Lair:5   | Bought the ring "Qatuen" {Wiz Dex+6} for 694 gold pieces
 25891 | D:15     | Entered Level 15 of the Dungeon
 25899 | D:15     | Noticed Azrael
 25926 | D:15     | Reached skill level 14 in Summonings
 25928 | D:15     | Reached XP level 15. HP: 64/67 MP: 23/32
 25934 | D:15     | Killed Azrael
 26221 | D:15     | Identified Roxanne's Collected Works on the Volcano
 26221 | D:15     | Noticed Roxanne
 26251 | D:15     | Killed Roxanne
 26905 | D:15     | Noticed a fenstrider witch
 26907 | D:15     | a fenstrider witch changed into an alligator snapping
                  | turtle
 26911 | D:15     | an alligator snapping turtle changed into an azure jelly
 26911 | D:15     | Noticed an azure jelly (glowing shapeshifter)
 26912 | D:15     | an azure jelly changed into a dire elephant
 27014 | D:15     | Found a staircase to the Depths.
 27356 | Shoals:1 | Entered Level 1 of the Shoals
 27366 | Shoals:1 | Noticed a kraken
 27450 | Shoals:1 | Reached skill level 10 in Translocations
 27459 | Shoals:1 | Killed a kraken
 27558 | Shoals:1 | HP: 3/68 [wind drake/the air (17)]
 27720 | Shoals:1 | Found a transporter.
 27722 | Shoals:1 | Found a transporter.
 28035 | Shoals:1 | Found a one-way gate to the infinite horrors of the Abyss.
 28035 | Shoals:1 | Noticed lunkers's ghost (journeyman MeFi)
 28837 | Shoals:2 | Learned a level 4 spell: Manifold Assault
 28840 | Shoals:2 | Learned a level 2 spell: Wereblood
 28840 | Shoals:2 | Noticed Polyphemus
 28849 | Shoals:2 | HP: 1/69 [death yak[Polyphemus] (6)]
 28849 | Shoals:2 | Slain by a death yak
 28850 | Shoals:2 | Reached XP level 14. HP: 0/65 MP: 27/31
 28893 | Shoals:2 | Noticed Donald
 28898 | Shoals:2 | Killed Donald
 29256 | Shoals:2 | Reached XP level 15. HP: 47/69 MP: 9/32
 29391 | Shoals:2 | Killed Polyphemus
 29492 | Shoals:2 | You fall into a shaft and drop 1 floor!
 29502 | Shoals:3 | Gained mutation: Your body sometimes deteriorates upon
                  | taking damage. [mutagenic glow]
 29654 | Shoals:3 | Noticed Ilsuiw
 29672 | Shoals:3 | Hit by a silver javelin thrown by a merfolk javelineer
 29673 | Shoals:3 | Reached XP level 14. HP: -9/65 MP: 5/31
 29721 | Shoals:2 | Gained mutation: You are weak. (Str -2) [mutagenic glow]
 29746 | Shoals:3 | Killed Ilsuiw
 29747 | Shoals:3 | Reached skill level 10 in Unarmed Combat
 29922 | Shoals:2 | Lost mutation: You are weak. (Str -2) [potion of mutation]
 29922 | Shoals:2 | Lost mutation: Your body sometimes deteriorates upon taking
                  | damage. [potion of mutation]
 29922 | Shoals:2 | Gained mutation: You have hidden genetic potential. [potion
                  | of mutation]
 29922 | Shoals:2 | Gained mutation: You expend magic power (3 MP) to
                  | strengthen your wands. [potion of mutation]
 29922 | Shoals:2 | Gained mutation: You are partially covered in iridescent
                  | scales. (AC +2) [potion of mutation]
 29962 | Shoals:3 | Killed from afar by a water nymph

Illustrated notes

Levels and vault maps discovered:
D:1:      eino_arrival_tree_alley, layout_basic
D:2:      layout_loops_corners, shapermc_ecumenical_altar_mp_vishouse,
          serial_shops, nicolae_shop_behind_doors, uniq_sigmund,
          uniq_crazy_yiuf_cottage
D:3:      layout_rooms, mrwooster_statue_mirror, glass_columns_b, uniq_natasha
D:4:      layout_basic, nicolae_overflow_crystal_walls,
          nicolae_overflow_squiral, serial_shops,
          nicolae_shop_bloodbath_and_beyond
D:5:      layout_basic
D:6:      layout_rooms, serial_co_window_serial, co_window_corner_a,
          co_window_corner_a, co_window_paths_a, co_window_of_opportunity_a,
          co_window_paths_a, co_window_paths_c, co_window_broadway_a,
          co_window_of_opportunity_c, co_window_unsneaky_path_d,
          co_window_broadway_c, co_window_corner_ca, co_window_corner_cb,
          co_window_4corner_b, glass_columns_a, glass_columns_a,
          glass_columns_b, glass_columns_a, glass_columns_a, uniq_eustachio,
          uniq_maggie, uniq_grinder
D:7:      layout_rooms, nicolae_ru_sacrificial_ziggurat,
          minmay_temple_entry_crystal_x
D:8:      layout_rooms, erik_lair_dragon, enter_bailey_4, uniq_amaemon
D:9:      layout_rooms, grunt_temple_overflow_open, lightli_temple_of_fire,
          serial_shops, shop_statue, uniq_joseph
D:10:     layout_roguey, orc_0_dummy, serial_shops, shop, uniq_nergalle
D:11:     cheibrodos_helix_gallery, layout_irregular_city,
          nicolae_trove_entry_crystal, uniq_maurice
D:12:     layout_cave_pools, gammafunk_ghost_grave, nicolae_alphabet_shops,
          laboratory
D:13:     layout_rooms, minivault_1
D:14:     layout_loops_corners, lightli_vaults_fourway_checkpoint,
          grunt_decor_mini_mirrors, hangedman_decor_slide_cut,
          skrybe_limestone_x
D:15:     gammafunk_enter_depths_forms, layout_basic, special_room
          [special_room_orc], minmay_misc_feat_rows, hangedman_decor_lopped,
          uniq_azrael, uniq_roxanne
Temple:   nicolae_temple_godzebo
Lair:1:   layout_gridlike, chequers_serial_rivers_micro_a,
          eino_small_chamber_without_monster, minivault_11
Lair:2:   layout_cave_pods, serial_bayou_shore_a, uniq_sonja
Lair:3:   layout_roguey, elwin_shoals_entry_rooms,
          nicolae_snake_entry_warm_welcome
Lair:4:   nzn_winding_woodlands_stair_trap
          [nzn_winding_woodlands_5x15_concentric,
          nzn_winding_woodlands_5x15_pool, nzn_winding_woodlands_5x15_parted,
          nzn_winding_woodlands_15x15_boxy_spiral,
          nzn_winding_woodlands_5x15_sidewinder,
          nzn_winding_woodlands_5x15_longhouse,
          nzn_winding_woodlands_5x15_river_crossing], layout_cellular_growth,
          ebering_ghost_xom, uniq_nessos
Lair:5:   evil_forest, layout_long_grid, dpeg_slime_entry_enclosed,
          grunt_megastairs_3
Shoals:1: layout_shoals, gammafunk_ghost_abyssal_escape
Shoals:2: layout_shoals, uniq_donald, uniq_polyphemus
Shoals:3: layout_shoals, nicolae_shoals_nymph_descending_staircase, uniq_ilsuiw,
          uniq_bai_suzhen
Orc:1:    layout_caves
Orc:2:    st_orc_open, layout_caves, portal_ice_cave_rime

Skill      XL: |  1  2  3  4  5  6  7  8  9 10 11 12 13 14 15 |
---------------+----------------------------------------------+-----
Summonings     | 5 6 7 8 10 11 12 14 | 14.7
Fighting       | 1 2 3 4 5 6 7 8 9 |  9.8
Dodging        | 3 4 5 6 8 9 10 12 | 12.9
Hexes          | 2 3 4 5 8 7 |  8.0
Air Magic      | 1 2 4 5 6 8 9 10 11 | 11.8
Unarmed Combat | 1 2 3 4 5 6 7 8 10 | 10.0
Spellcasting   | 3 5 6 8 9 10 12 | 12.0
Evocations     | 2 5 |  5.0
Transmutations | 5 6 8 |  8.8
Translocations | 7 9 11 | 11.3
Stealth        | |  2.6

Action                     |  1- 3 |  4- 6 |  7- 9 | 10-12 | 13-15 || total
---------------------------+-------+-------+-------+-------+-------++-------
  Melee: Unarmed           |    42 |    25 |   100 |    80 |   171 ||   418
         Bite              |     5 |     2 |     8 |    14 |    16 ||    45
         Headbutt          |       |     2 |    17 |    24 |    30 ||    73
         Punch             |       |     2 |     3 |    11 |    22 ||    38
   Cast: Summon Small Mamm |    40 |       |       |       |       ||    40
         Call Imp          |    11 |     6 |     8 |    14 |    22 ||    61
         Call Canine Famil |     4 |    19 |    41 |    46 |    99 ||   209
         Summon Guardian G |       |     8 |    15 |    52 |   132 ||   207
         Summon Lightning  |       |       |    27 |    83 |   233 ||   343
         Tukima's Dance    |       |       |       |    19 |     9 ||    28
         Summon Forest     |       |       |       |       |    42 ||    42
         Summon Hydra      |       |       |       |       |    40 ||    40
         Storm Form        |       |       |       |       |    22 ||    22
         Manifold Assault  |       |       |       |       |     5 ||     5
 Invoke: Call Merchant     |       |       |       |       |     5 ||     5
         Potion Petition   |       |       |       |       |     2 ||     2
Ability: Blinkbolt         |       |       |       |       |     7 ||     7
  Evoke: Wand              |       |       |     6 |    16 |    18 ||    40
         Box of beasts     |       |       |       |       |     2 ||     2
         Phantom mirror    |       |       |       |       |     1 ||     1
    Use: Scroll            |     3 |       |       |    15 |     8 ||    26
         Potion            |     2 |       |     2 |     4 |    10 ||    18
   Stab: Distracted        |       |       |     3 |     1 |     7 ||    11
         Invisible         |       |       |       |       |     1 ||     1
 Armour: Skin              |     6 |     3 |     8 |     3 |    28 ||    48
  Dodge: Dodged            |    43 |    23 |   145 |   157 |   437 ||   805

Table legend: (Time is in decaauts)
 A = Elapsed time spent in this place.
 B = Non-inter-level travel time spent in this place.
 C = Inter-level travel time spent in this place.
 D = Time resting spent in this place.
 E = Time spent auto-exploring this place.
 F = Levels seen in this place.
 G = Mean time per level.
                   A        B        C        D        E       F      G
               +--------+--------+--------+--------+--------+-----+--------+
         Total |  26943 |  25390 |   1553 |    621 |  18598 |  27 |  997.9 |
       Dungeon |  15649 |  14732 |    917 |    390 |  10957 |  15 | 1043.3 |
        Temple |    112 |     88 |     24 |      0 |     74 |   1 |  112.0 |
          Lair |   6700 |   6121 |    579 |     19 |   4598 |   5 | 1340.0 |
        Shoals |   2526 |   2526 |      0 |    168 |   1621 |   3 |  842.0 |
  Orcish Mines |   1454 |   1423 |     31 |      0 |   1042 |   2 |  727.0 |
        Bailey |    499 |    499 |      0 |     44 |    304 |   1 |  499.0 |
               +--------+--------+--------+--------+--------+-----+--------+

Top non-repeatable levels by time:
  Lair:4: 2173 daAuts
     D:6: 1821 daAuts
  Lair:5: 1462 daAuts
Shoals:1: 1426 daAuts
    D:12: 1298 daAuts
     D:8: 1295 daAuts
    D:14: 1246 daAuts
     D:2: 1218 daAuts
  Lair:3: 1174 daAuts
    D:11: 1139 daAuts
    D:15: 1132 daAuts
     D:9: 1069 daAuts
     D:1: 1064 daAuts
  Lair:2: 966 daAuts
  Lair:1: 924 daAuts
